 Dungeon Crawl Stone Soup version 0.24.0-2-g5b39cebb1c (webtiles) character file.

Game seed: 16488209176715415684, levelgen mode: deterministic

8698 Nivan the Thaumaturge (level 11, 0/85 HPs)
             Began as a Purple Draconian Conjurer on Oct 30, 2019.
             Was a Priest of Vehumet.
             Slain by a salamander
             ... wielding a +0 spear
              (15 damage)
             ... in a volcano.
             The game lasted 00:47:41 (12073 turns).

Nivan the Thaumaturge (Purple Draconian Conjurer)  Turns: 12073, Time: 00:47:42

Health: 0/85       AC: 12    Str: 11    XL:     11   Next: 13%
Magic:  1/26       EV: 15    Int: 18    God:    Vehumet [***...]
Gold:   248        SH:  0    Dex: 12    Spells: 21/32 levels left

rFire    . . .     SeeInvis .   M - +4 mace (crush)
rCold    . . .     Gourm    .   (no shield)
rNeg     . . .     Faith    .   (armour unavailable)
rPois    +         Spirit   .   h - +2 hat
rElec    .         Reflect  .   (no cloak)
rCorr    .         Harm     .   j - +0 pair of gloves
MR       +....                  u - +1 pair of boots
Stlth    ++........             P - amulet of regeneration
HPRegen  0.64/turn              B - ring of wizardry
MPRegen  0.20/turn              q - ring of poison resistance

@: lightly drained
A: breathe power, unfitting armour, cold-blooded, AC +7
a: Breathe Dispelling Energy, Renounce Religion


You were in a volcano.
You worshipped Vehumet.
Vehumet was most pleased with you.
You were not hungry.

You visited 3 branches of the dungeon, and saw 14 of its levels.
You also visited: Volcano.

You collected 438 gold pieces.
You spent 190 gold pieces at shops.

Inventory:

Hand Weapons
 e - a +2 dagger of flaming
 w - a +0 flail
 F - a +0 mace
 G - the +6 fustibalus "Peofaid" {freeze, Int+2 SInv}
   (You found it on level 5 of the Dungeon)

   It causes projectiles fired from it to freeze those they strike, causing
   extra injury to most foes and up to half again as much damage against
   particularly susceptible opponents.
   They can also slow down cold-blooded creatures.
   It affects your intelligence (+2).
   It lets you see invisible.
 J - a +4 dagger of draining
 M - a +4 mace of crushing (weapon)
Armour
 h - a +2 hat (worn)
 j - a +0 pair of gloves (worn)
 u - a +1 pair of boots (worn)
Jewellery
 f - a +4 ring of dexterity
 m - an uncursed amulet of harm
 q - a ring of poison resistance (right hand)
 B - a ring of wizardry (left hand)
 D - a cursed -4 ring of dexterity
 P - an amulet of regeneration (around neck)
Wands
 E - a wand of iceblast (6)
 L - a wand of flame (37)
Scrolls
 a - 10 scrolls of identify
 d - 8 scrolls of teleportation
 g - 3 scrolls of remove curse
 k - 6 scrolls of enchant armour
 o - a scroll of amnesia
 p - a scroll of enchant weapon
 t - a scroll of random uselessness
 x - a scroll of noise
 y - a scroll of immolation
 O - a scroll of torment
 Q - a scroll of vulnerability {unknown}
 S - a scroll of fear {unknown}
Potions
 c - a potion of mutation
 i - 2 potions of might {unknown}
 l - 3 potions of agility {unknown}
 n - 2 potions of brilliance {unknown}
 r - 4 potions of lignification {unknown}
 s - a potion of ambrosia {unknown}
 v - 3 potions of degeneration {unknown}
 z - a potion of flight {unknown}
 A - a potion of curing
 H - 4 potions of heal wounds {unknown}
 I - 2 potions of haste {unknown}
 K - a potion of magic {unknown}
 N - a potion of cancellation {unknown}
Comestibles
 b - 10 rations
 C - 2 chunks of flesh


   Skills:
 + Level 4.7(4.5) Fighting
 + Level 4.8(4.6) Maces & Flails
 + Level 6.7(6.5) Dodging
 + Level 4.0(3.9) Stealth
 + Level 11.0(10.8) Spellcasting
 + Level 10.5(10.3) Conjurations
 + Level 0.6(0.4) Translocations


You had 21 spell levels left.
You knew the following spells:

 Your Spells              Type           Power        Failure   Level  Hunger
a - Magic Dart            Conj           ####         1%          1    None
b - Searing Ray           Conj           #####.       1%          2    None
c - Iskenderun's Mystic   Conj           #####...     1%          4    ##.....
d - Force Lance           Conj/Tloc      ####....     1%          4    ##.....

Your spell library contained the following spells:

 Spells                   Type           Power        Failure   Level  Hunger
 Stone Arrow              Conj/Erth      ####..       1%          3    None
 Conjure Flame            Conj/Fire      ####....     1%          3    None
 Dazzling Spray           Conj/Hex       ####..       1%          3    None
 Mephitic Cloud           Conj/Pois/Air  ###.....     1%          3    None
 Static Discharge         Conj/Air       ####....     1%          3    None
 Fulminant Prism          Conj/Hex       ####......   1%          4    ##.....
 Blink                    Tloc           N/A          3%          2    None
 Lightning Bolt           Conj/Air       ####......   3%          5    #####..
 Call Imp                 Summ           #.......     4%          2    None
 Slow                     Hex            #.......     4%          2    None
 Ignition                 Fire           #.........   100%        8    #######
 Shatter                  Erth           #.........   100%        9    #######
 Tornado                  Air            #.........   100%        9    #######


Dungeon Overview and Level Annotations

Branches:
Dungeon (10/15)            Temple (1/1) D:5            Lair (3/6) D:10
 Shoals (0/4) Lair:2       Spider (0/4) Lair:3          Orc (0/2) D:9
Volcano (1/1)

Altars:
Ashenzari
Cheibriados
Dithmenos
Elyvilon
Fedhas
Gozag
Hepliaklqana
Kikubaaqudgha
Makhleb
Okawaru
Qazlal
Sif Muna
Trog
Uskayaw
Vehumet
Wu Jian
Xom
Yredelemnul
Zin

Shops:
D:4 *


Innate Abilities, Weirdness & Mutations

You can breathe bolts of dispelling energy.
Your rich purple scales are hard. (AC +7)
You cannot fit into any form of body armour.
You are cold-blooded and may be slowed by cold attacks.


Message History

The lance of force hits the salamander.
The salamander is severely wounded.
The salamander is knocked back by the lance of force.
The salamander hits you with a +0 spear!
* * * LOW HITPOINT WARNING * * *
You are engulfed in flames!
* * * LOW HITPOINT WARNING * * *
Things that are here:
a +0 spear; a salamander skeleton You hit the salamander.
The salamander is almost dead.
The air gets thick with the scent of sulphur.
The salamander closely misses you.
You closely miss the salamander. You tail-slap the salamander.
The salamander is almost dead.
The salamander barely misses you.
You hit the salamander.
The salamander is almost dead.
The salamander hits you with a +0 spear!
You die...

#§≈.....§§≈###
##≈8...8≈≈§#
##.....####
#.....#
#8...8#
#.....#
#.....#
#8..N8#
#...@.#
#.....#
#8.).8#
#.....#
#.....#
#8.∩.8#
##...## ##∩##
###


You could see a salamander.

Vanquished Creatures
  A two-headed ogre (D:8)
  A salamander mystic (Volcano)
  A centaur zombie (D:10)
  2 salamanders (Volcano)
  Prince Ribbit (D:7)
  A redback (Lair:3)
  A wyvern (D:8)
  2 hungry ghosts (D:7)
  10 yaks
  A soldier ant (D:10)
  A porcupine (Lair:3)
  2 sky beasts
  4 orc warriors (D:9)
  An ice beast (D:6)
  6 ogres
  A wolf (Lair:3)
  A phantom (D:4)
  3 centaurs
  A crocodile (Lair:3)
  Blork the orc (D:6)
  7 bullfrogs
  2 scorpions
  8 killer bees
  A wight (D:10)
  2 jellies
  7 crimson imps
  2 bullfrog zombies (D:8)
  3 hounds
  5 orc priests
  3 bullfrog skeletons
  3 iguanas
  3 orc wizards
  A centaur skeleton (D:4)
  Natasha (thrice) (D:2)
  6 worker ants
  A hound skeleton (D:6)
  A worker ant zombie (D:7)
  7 adders
  8 gnolls
  2 shadow imps
  4 oozes
  2 adder zombies (D:5)
  An adder skeleton (D:4)
  2 worms
  4 leopard geckos
  29 orcs
  A ball python (D:1)
  9 bats
  7 giant cockroaches
  13 goblins
  9 hobgoblins
  19 jackals
  4 kobolds
  A quokka (D:6)
  3 frilled lizards
  2 jackal skeletons
  2 leopard gecko skeletons (D:7)
  8 rats
237 creatures vanquished.

Vanquished Creatures (others)
  2 fungi (Lair:3)
2 creatures vanquished.

Grand Total: 239 creatures vanquished

Notes
Turn   | Place    | Note
-------+----------+-------------------------------------------
     0 | D:1      | Nivan the Draconian Conjurer began the quest for the Orb.
     0 | D:1      | Reached XP level 1. HP: 14/14 MP: 3/3
   175 | D:1      | Reached XP level 2. HP: 20/20 MP: 1/5
   681 | D:1      | Reached XP level 3. HP: 26/26 MP: 4/6
  1220 | D:2      | Reached skill level 5 in Conjurations
  1555 | D:2      | Reached XP level 4. HP: 23/33 MP: 1/7
  1805 | D:2      | Noticed Natasha
  1815 | D:2      | Learned a level 2 spell: Searing Ray
  1834 | D:2      | Killed Natasha
  2091 | D:2      | Noticed Natasha
  2109 | D:2      | Killed Natasha
  2468 | D:2      | Noticed Natasha
  2486 | D:2      | Killed Natasha
  2486 | D:2      | Reached XP level 5. HP: 39/39 MP: 4/9
  2652 | D:3      | Reached skill level 3 in Spellcasting
  2871 | D:3      | Reached skill level 1 in Fighting
  3511 | D:4      | Reached XP level 6. HP: 47/47 MP: 6/11
  3836 | D:4      | You fall into a shaft and drop 2 floors!
  4061 | D:5      | Entered Level 5 of the Dungeon
  4404 | D:5      | Reached skill level 4 in Spellcasting
  4404 | D:5      | Your scales start taking on a rich purple colour.
  4404 | D:5      | Reached skill level 5 in Spellcasting
  4404 | D:5      | Reached XP level 7. HP: 53/53 MP: 0/14
  4857 | D:4      | Reached skill level 1 in Maces & Flails
  5127 | D:4      | Found Bozan's Assorted Antiques.
  5130 | D:4      | Bought a smoky yellow potion for 25 gold pieces
  5130 | D:4      | Bought an amethyst potion for 25 gold pieces
  5130 | D:4      | Bought a potion of curing for 84 gold pieces
  5130 | D:4      | Bought a scroll labeled XYBERPH ZUEBRIP for 28 gold pieces
  5130 | D:4      | Bought a scroll labeled OTAEPTIUSOB for 28 gold pieces
  5605 | D:5      | Found a staircase to the Ecumenical Temple.
  5614 | Temple   | Entered the Ecumenical Temple
  5635 | Temple   | Became a worshipper of Vehumet
  6195 | D:5      | Got a jewelled fustibalus
  6195 | D:5      | Identified the +6 fustibalus "Peofaid" {freeze, Int+2 SInv}
                  | (You found it on level 5 of the Dungeon)
  6393 | D:6      | Noticed Blork the orc
  6416 | D:6      | Killed Blork the orc
  6456 | D:6      | Reached XP level 8. HP: 61/61 MP: 5/16
  6519 | D:6      | Reached skill level 6 in Spellcasting
  6833 | D:6      | Found a shattered altar of Ashenzari.
  7669 | D:7      | Reached skill level 7 in Spellcasting
  7675 | D:7      | Reached * piety under Vehumet
  7675 | D:7      | Offered knowledge of Flame Tongue by Vehumet.
  8047 | D:7      | Reached XP level 9. HP: 69/69 MP: 14/19
  8603 | D:7      | Noticed Prince Ribbit
  8610 | D:7      | Killed Prince Ribbit
  8781 | D:7      | Reached skill level 5 in Dodging
  8781 | D:7      | Reached skill level 8 in Spellcasting
  9297 | D:8      | Found a white marble altar of Elyvilon.
  9354 | D:8      | Noticed a two-headed ogre
  9440 | D:8      | Learned a level 4 spell: Iskenderun's Mystic Blast
  9477 | D:8      | Killed a two-headed ogre
  9477 | D:8      | Reached skill level 9 in Spellcasting
  9477 | D:8      | Reached XP level 10. HP: 64/78 MP: 10/23
  9991 | D:9      | Reached ** piety under Vehumet
  9991 | D:9      | Offered knowledge of Throw Flame by Vehumet.
 10531 | D:9      | Found a staircase to the Orcish Mines.
 10678 | D:9      | Reached skill level 10 in Spellcasting
 10681 | D:9      | Reached skill level 10 in Conjurations
 10706 | D:9      | Found a burning altar of Makhleb.
 10730 | D:10     | Entered Level 10 of the Dungeon
 10854 | D:10     | Offered knowledge of Stone Arrow by Vehumet.
 11126 | D:10     | Found a staircase to the Lair.
 11134 | Lair:1   | Entered Level 1 of the Lair of Beasts
 11167 | Lair:2   | Found a staircase to the Shoals.
 11274 | Lair:2   | Learned a level 4 spell: Force Lance
 11434 | Lair:3   | Found a hole to the Spider Nest.
 11538 | Lair:3   | Found a dark tunnel.
 11625 | Volcano  | Entered a volcano
 11641 | Volcano  | Noticed a salamander mystic
 11669 | Volcano  | Killed a salamander mystic
 11669 | Volcano  | Reached XP level 11. HP: 56/85 MP: 2/25
 11798 | Volcano  | Found a radiant altar of Vehumet.
 11981 | Volcano  | Reached *** piety under Vehumet
 11981 | Volcano  | Reached skill level 11 in Spellcasting
 12073 | Volcano  | Slain by a salamander

Levels and vault maps discovered:
D:1:      kilobyte_arrival_exit_the_forest, layout_basic, minmay_misc_feat_room
D:2:      layout_basic, uniq_natasha
D:3:      layout_loops_cross, first_ration
D:4:      layout_layer_cave, serial_shops, kennysheep_mini,
          minmay_misc_feat_rows
D:5:      layout_basic, minmay_temple_entry_junction, roderic_lattice_a
D:6:      minmay_octagon_keep, layout_basic, lemuel_crystal_altar,
          uniq_blork_the_orc
D:7:      layout_layer_cave, uniq_prince_ribbit1
D:8:      layout_rooms, lemuel_doored_altar
D:9:      layout_loops_corners, nicolae_overflow_crystal_walls,
          nicolae_ru_path_of_blood, chequers_temple_overflow_statue_of_worship,
          david_orc_2, hangedman_pestilent_swarm
D:10:     layout_roguey, lair_entry_dummy
Temple:   regret_index_temple_sphere_string
Lair:1:   layout_roguey, chequers_serial_rivers_large_b,
          minmay_lair_oklob_chamber, infiniplex_staircase_pool
Lair:2:   layout_regular_city, minmay_shoals_entry_centaurs
Lair:3:   layout_layer_cave, spider_nest_entry_rubble,
          nicolae_volcano_entry_hallway, basic_altar
Volcano:  kennysheep_volcano_temple

Skill      XL: |  1  2  3  4  5  6  7  8  9 10 11 |
---------------+----------------------------------+-----
Conjurations   | 5 6 7 9 10 | 10.5
Dodging        | 2 3 4 5 6 |  6.7
Stealth        | 2 3 4 |  4.0
Spellcasting   | 3 5 7 9 10 11 | 11.0
Fighting       | 1 2 3 4 |  4.7
Maces & Flails | 1 3 4 |  4.8
Translocations | |  0.6

Action                   |  1- 3 |  4- 6 |  7- 9 | 10-12 || total
-------------------------+-------+-------+-------+-------++-------
Melee: Unarmed           |    16 |       |       |       ||    16
       Tailslap          |     5 |     5 |     8 |     3 ||    21
       Dagger            |    36 |    36 |     4 |       ||    76
       Flail             |       |     9 |    36 |     5 ||    50
       Mace              |       |       |    33 |    20 ||    53
 Cast: Magic Dart        |    69 |   113 |   155 |   123 ||   460
       Searing Ray       |       |    11 |    35 |    38 ||    84
       Iskenderun's Myst |       |       |       |     5 ||     5
       Force Lance       |       |       |       |    15 ||    15
  Use: Scroll            |       |       |       |    15 ||    15
  Eat: Chunk             |     3 |     8 |    14 |     9 ||    34
       Ration            |       |       |     2 |       ||     2
Armor: Skin              |    20 |    23 |    73 |    38 ||   154
Dodge: Dodged            |    45 |    52 |   139 |   109 ||   345
